[Event "Titled Tuesday Blitz August 3 2021"]
[White "Daggupati, Balaji"]
[Black "Martins, Igor Carvalho Ribeiro"]
[WhiteFideId "2090759"]
[BlackFideId "2162962"]
[WhiteElo "2671"]
[BlackElo "2504"]
[Result "1-0"]
[Round "06"]
[TimeControl "180+1"]
[Date "2021.08.03"]
[WhiteClock "0:00:46"]
[BlackClock "0:00:17"]

1. e4 c5 2. Nf3 d6 3. d4 cxd4 4. Nxd4 Nf6 5. Nc3 a6 6. Qe2 e5 7. Nf5 d5 8. Bg5 d4 9. O-O-O Be6 10. Nd5 Bxf5 11. Nxf6+ gxf6 12. exf5 Nd7 13. Bh4 Qa5 14. Kb1 Be7 15. f4 Rc8 16. fxe5 fxe5 17. Bxe7 Kxe7 18. Rxd4 Nf6 19. Rd1 Rhd8 20. g4 Rxd1+ 21. Qxd1 Rd8 22. Qc1 Nxg4 23. Bc4 Qd2 24. Qg1 Nf2 25. f6+ Kxf6 26. Qf1 Qd1+ 27. Qxd1 Rxd1+ 28. Rxd1 Nxd1 29. Bd5 b6 30. Kc1 Nf2 31. Bb7 a5 32. Kd2 Ke7 33. Bg2 f5 34. h3 e4 35. Ke2 e3 36. Kxe3 Nd1+ 37. Kf4 Nxb2 38. Kxf5 Na4 39. Ke5 Nc3 40. a3 Nb5 41. a4 Nd6 42. Bc6 h6 43. Kd5 Nf5 44. Ke5 Ne3 45. Be4 Nc4+ 46. Kd5 Ne3+ 47. Kc6 1-0


[Site "https://www.chess.com"]

[Event "Titled Tuesday Blitz August 3 2021"]
[White "Damjanovic, Vladimir"]
[Black "Pandey Srishti"]
[WhiteFideId "903795"]
[BlackFideId "35093290"]
[WhiteElo "2374"]
[BlackElo "1816"]
[Result "1-0"]
[Round "06"]
[TimeControl "180+1"]
[Date "2021.08.03"]
[WhiteClock "0:01:08"]
[BlackClock "0:00:46"]

1. e4 e5 2. Nf3 Nc6 3. Bb5 a6 4. Ba4 Nf6 5. d3 b5 6. Bb3 Bc5 7. Nc3 d6 8. Nd5 h6 9. c3 Bg4 10. h3 Bd7 11. O-O O-O 12. d4 Ba7 13. dxe5 Nxe4 14. exd6 Nxd6 15. Bf4 Bc5 16. Bc2 a5 17. Qd2 Nc4 18. Qd3 f5 19. Nxc7 Qe7 20. Rfe1 Qf7 21. Nxa8 Rxa8 22. b3 Na3 23. Rad1 Be6 24. Rxe6 Qxe6 25. Qxf5 Qxf5 26. Bxf5 Rd8 27. Rxd8+ Nxd8 28. Bc7 Nc6 29. Be4 Ne7 30. Bxa5 Bd6 31. Nd4 Kf7 32. Bb4 Bxb4 33. cxb4 Kf6 34. f4 g5 35. g3 h5 36. Kf2 h4 37. fxg5+ Kxg5 38. Nf3+ Kf6 39. Nxh4 Ke5 40. Ke3 Kd6 41. Nf5+ Nxf5+ 42. Bxf5 Ke5 43. Bd3 1-0


[Site "https://www.chess.com"]

[Event "Titled Tuesday Blitz August 3 2021"]
[White "Dang, Hoang Son"]
[Black "Ter-Sahakyan, Samvel"]
[WhiteFideId "12402435"]
[BlackFideId "13302531"]
[WhiteElo "2248"]
[BlackElo "2551"]
[Result "0-1"]
[Round "06"]
[TimeControl "180+1"]
[Date "2021.08.03"]
[WhiteClock "0:00:09"]
[BlackClock "0:00:07"]

1. d4 Nf6 2. c4 e6 3. Nf3 d5 4. g3 Bb4+ 5. Bd2 Be7 6. Bg2 O-O 7. Qc2 Nbd7 8. O-O Ne4 9. Nc3 Nxd2 10. Nxd2 c6 11. e4 dxc4 12. Nxc4 Nb6 13. Ne2 Nxc4 14. Qxc4 Qb6 15. b3 Bd7 16. Rfd1 Rfd8 17. Nc3 Rac8 18. e5 Be8 19. Na4 Qb5 20. Qc2 Ba3 21. Rab1 b6 22. Nc3 Qa5 23. Ne4 h6 24. g4 Be7 25. f4 Qb4 26. Qf2 c5 27. dxc5 Rxd1+ 28. Rxd1 Rxc5 29. h4 Rd5 30. Rxd5 exd5 31. Nd6 Bxd6 32. exd6 Qxd6 33. Qd4 Bc6 34. g5 Qc5 35. Qxc5 bxc5 36. Kf2 hxg5 37. hxg5 f6 38. gxf6 gxf6 39. a3 a5 40. Ke1 Kf7 41. Kd2 Ke6 42. Bh3+ Kd6 43. Bf5 d4 44. Kd3 Bb5+ 45. Ke4 a4 46. b4 cxb4 47. Kxd4 bxa3 48. Kc3 a2 49. Kb2 Bc4 50. Bc2 Bb3 51. Bd3 Kc5 52. Bh7 Kd4 53. f5 Ke5 54. Bg6 Bd5 55. Bh7 Be4 56. Kxa2 Bxf5 57. Bg8 Be6+ 0-1


[Site "https://www.chess.com"]

[Event "Titled Tuesday Blitz August 3 2021"]
[White "De Silva, L M S T"]
[Black "Petesch, Gabriel"]
[WhiteFideId "9953698"]
[BlackFideId "2032465"]
[WhiteElo "1621"]
[BlackElo "2374"]
[Result "0-1"]
[Round "06"]
[TimeControl "180+1"]
[Date "2021.08.03"]
[WhiteClock "0:00:08"]
[BlackClock "0:00:18"]

1. e4 c6 2. d4 d5 3. Nc3 dxe4 4. Nxe4 Nf6 5. Nxf6+ exf6 6. c3 Bd6 7. Bd3 O-O 8. Ne2 Re8 9. Qc2 g6 10. h4 f5 11. h5 Qf6 12. Bd2 Nd7 13. O-O-O c5 14. hxg6 hxg6 15. Rh3 cxd4 16. Nxd4 Bf8 17. Kb1 Bg7 18. Rdh1 Ne5 19. Bb5 Rd8 20. Qc1 f4 21. Rh7 g5 22. Ka1 Ng4 23. Bc4 Nxf2 24. R1h2 Ng4 25. R2h5 Bf5 26. Nxf5 Qxf5 27. Bb3 Nf6 28. Bc2 Qg4 29. Bd1 Qd7 30. Rxg7+ Kxg7 31. Rxg5+ Kf8 32. Bxf4 Qxd1 33. a4 Qxc1+ 34. Bxc1 Rd1 35. Kb1 Ne4 36. Kc2 Rxc1+ 37. Kxc1 Nxg5 0-1


[Site "https://www.chess.com"]

[Event "Titled Tuesday Blitz August 3 2021"]
[White "Demidov, Mikhail"]
[Black "Golubev, Mikhail"]
[WhiteFideId "4197143"]
[BlackFideId "14100983"]
[WhiteElo "2598"]
[BlackElo "2374"]
[Result "1-0"]
[Round "06"]
[TimeControl "180+1"]
[Date "2021.08.03"]
[WhiteClock "0:01:43"]
[BlackClock "0:00:43"]

1. Nf3 d6 2. g3 g6 3. d4 Bg7 4. Bg2 Nf6 5. b3 O-O 6. Bb2 c5 7. O-O Ne4 8. Nbd2 Nxd2 9. Qxd2 Nc6 10. c4 Qa5 11. Bc3 Qc7 12. d5 Bxc3 13. Qxc3 Ne5 14. Nxe5 dxe5 15. a3 Bd7 16. Rfc1 Rab8 17. b4 b6 18. h4 Qd6 19. Rab1 Rfc8 20. e4 b5 21. Qe3 bxc4 22. bxc5 Rxb1 23. cxd6 Rxc1+ 24. Qxc1 exd6 25. Qc3 Ba4 26. Kf1 Bb3 27. Ke1 Kf8 28. Bf3 h5 29. Bd1 Bxd1 30. Kxd1 Ke7 31. Qa5 Kd7 32. Qxa7+ 1-0


[Site "https://www.chess.com"]

[Event "Titled Tuesday Blitz August 3 2021"]
[White "Diaz Perez, Michel Alejandro"]
[Black "Rodrigue-Lemieux, Shawn"]
[WhiteFideId "3517179"]
[BlackFideId "2620049"]
[WhiteElo "2337"]
[BlackElo "1763"]
[Result "1-0"]
[Round "06"]
[TimeControl "180+1"]
[Date "2021.08.03"]
[WhiteClock "0:00:20"]
[BlackClock "0:00:02"]

1. d4 Nf6 2. c4 e6 3. Nf3 d5 4. Nc3 Bb4 5. cxd5 exd5 6. Bg5 h6 7. Bh4 O-O 8. e3 Bf5 9. Bd3 Bxd3 10. Qxd3 Nbd7 11. O-O c6 12. a3 Be7 13. b4 Ne4 14. Nxe4 Bxh4 15. Nd6 Rb8 16. b5 cxb5 17. Qxb5 Nb6 18. Nf5 Bf6 19. a4 Nc4 20. h3 Re8 21. Rfc1 a6 22. Qb3 b5 23. axb5 axb5 24. Ra7 Qb6 25. Rca1 Rb7 26. R7a6 Qd8 27. Ne1 Rb6 28. Ra7 Qc8 29. Ng3 b4 30. Nd3 Qb8 31. Nf4 Qd8 32. Nf5 Bg5 33. Nd3 g6 34. Ng3 Bh4 35. Nf1 Qd6 36. Nc5 Rbb8 37. R1a6 Qf8 38. Rd7 Rbd8 39. Rxd8 Rxd8 40. Qxb4 Be7 41. Rc6 Rb8 42. Qc3 Rb1 43. g3 Qa8 44. Rc7 Bd6 45. Rd7 Bxc5 46. dxc5 Rd1 47. Qf6 Ne5 48. Rd8+ Qxd8 49. Qxd8+ Kh7 50. Qf6 Nc4 51. Qxf7+ Kh8 52. c6 Ne5 53. Qf6+ 1-0


[Site "https://www.chess.com"]

[Event "Titled Tuesday Blitz August 3 2021"]
[White "Drogovoz, Irina"]
[Black "Vasquez Schroeder, Rodrigo"]
[WhiteFideId "4176715"]
[BlackFideId "3400042"]
[WhiteElo "2163"]
[BlackElo "2572"]
[Result "0-1"]
[Round "06"]
[TimeControl "180+1"]
[Date "2021.08.03"]
[WhiteClock "0:00:30"]
[BlackClock "0:01:58"]

1. d4 Nf6 2. Nf3 e6 3. g3 b6 4. Bg2 Bb7 5. O-O c5 6. c4 cxd4 7. Nxd4 Bxg2 8. Kxg2 Qc7 9. b3 Qb7+ 10. Kg1 a6 11. Bb2 d6 12. Nc3 Nbd7 13. Qd3 Rc8 14. Rad1 Be7 15. Rfe1 O-O 16. e4 Rb8 17. Qe2 Rfe8 18. Ba3 Bf8 19. Nc2 Nc5 20. Bxc5 bxc5 21. e5 dxe5 22. Qxe5 Rbd8 23. Ne3 Qc6 24. h3 h6 25. Na4 Ne4 26. h4 Nd2 27. Rxd2 Rxd2 28. Qf4 Qd6 29. Qg4 Rxa2 30. Nc3 Rb2 31. Ne4 Qe5 32. Nd5 exd5 33. Nf6+ Qxf6 34. Rxe8 Qxf2+ 0-1


[Site "https://www.chess.com"]

[Event "Titled Tuesday Blitz August 3 2021"]
[White "Egorov, Evgeny"]
[Black "Erdogdu, Mert"]
[WhiteFideId "13700421"]
[BlackFideId "6301495"]
[WhiteElo "2422"]
[BlackElo "2485"]
[Result "1-0"]
[Round "06"]
[TimeControl "180+1"]
[Date "2021.08.03"]
[WhiteClock "0:00:04"]
[BlackClock "0:00:03"]

1. e4 c5 2. Nc3 d6 3. Nf3 Nf6 4. e5 dxe5 5. Nxe5 e6 6. Bb5+ Bd7 7. Nxd7 Nbxd7 8. d4 cxd4 9. Qxd4 a6 10. Be2 Bc5 11. Qh4 O-O 12. O-O Rc8 13. Bg5 Qc7 14. Bd3 Rfe8 15. Rad1 h6 16. Bf4 Qa5 17. Ne4 Be7 18. Bd2 Qb6 19. Bxh6 gxh6 20. Qxh6 Qxb2 21. Ng5 Nf8 22. f4 Red8 23. Rf3 Rxd3 24. cxd3 Ng4 25. Qh5 Qd4+ 26. Kh1 Nf2+ 27. Rxf2 Qxf2 28. Qxf7+ Kh8 29. Qxe7 Qxf4 30. Nxe6 Nxe6 31. Qxe6 Rf8 32. h3 Rf7 33. d4 Kg7 34. d5 Rf6 35. Qe7+ Rf7 36. Qe6 Rf6 37. Qe2 Rd6 38. Qe7+ Kg6 39. a4 Qf5 40. Qxd6+ Kg5 41. Qe6 1-0


[Site "https://www.chess.com"]

[Event "Titled Tuesday Blitz August 3 2021"]
[White "El Arousy, Abdul Hameed"]
[Black "Gontcharov, Vladislav"]
[WhiteFideId "10600086"]
[BlackFideId "4123492"]
[WhiteElo "2216"]
[BlackElo "2503"]
[Result "1-0"]
[Round "06"]
[TimeControl "180+1"]
[Date "2021.08.03"]
[WhiteClock "0:00:12"]
[BlackClock "0:00:02"]

1. e4 e6 2. d4 d5 3. e5 c5 4. c3 Nc6 5. Nf3 Qb6 6. Bd3 Bd7 7. dxc5 Bxc5 8. Qe2 a5 9. b3 Nge7 10. Na3 Ng6 11. O-O O-O 12. Rb1 Be7 13. Nb5 Ncxe5 14. Nxe5 Nxe5 15. Qxe5 Bxb5 16. Be3 Qa6 17. Bxb5 Qxb5 18. c4 Qc6 19. cxd5 Qxd5 20. Qxd5 exd5 21. Rbd1 Rfd8 22. Rd2 a4 23. bxa4 Rxa4 24. Rfd1 h6 25. g3 Bf6 26. Rxd5 Rxd5 27. Rxd5 Rxa2 28. Rf5 Kh7 29. h4 Kg6 30. Rb5 Rb2 31. h5+ Kh7 32. Rb6 Rxb6 33. Bxb6 Kg8 34. Kg2 Kf8 35. Kf3 Ke7 36. Bc5+ Ke6 37. Ke4 b5 38. f3 Bc3 39. Kd3 Kd5 40. Bf8 b4 41. g4 Ke6 42. f4 f5 43. g5 hxg5 44. fxg5 Kf7 45. Bd6 g6 46. h6 Kg8 47. Bf4 Kf7 48. Kc2 Ke6 49. Kb3 Kd5 50. Bc7 Ke4 51. h7 f4 52. Bd8 f3 53. Bf6 f2 54. h8=Q f1=Q 55. Bxc3 bxc3 56. Qe8+ Kf3 57. Qxg6 Qb5+ 58. Kxc3 Qc5+ 59. Kd2 Qe3+ 60. Kc2 Qc5+ 61. Kd2 1-0


[Site "https://www.chess.com"]

[Event "Titled Tuesday Blitz August 3 2021"]
[White "Eternauta2400"]
[Black "Makhnev, Denis"]
[BlackFideId "13707647"]
[WhiteElo "2530"]
[BlackElo "2537"]
[Result "0-1"]
[Round "06"]
[TimeControl "180+1"]
[Date "2021.08.03"]
[WhiteClock "0:00:29"]
[BlackClock "0:00:13"]

1. e4 c6 2. d4 d5 3. exd5 cxd5 4. c4 Nf6 5. Nc3 Nc6 6. Nf3 a6 7. cxd5 Nxd5 8. Bc4 Be6 9. Qe2 Rc8 10. Bb3 g6 11. O-O Bg7 12. Bg5 O-O 13. Rfd1 Re8 14. Rac1 h6 15. Bh4 Qd7 16. Bg3 Red8 17. h3 Qe8 18. Kh2 Ncb4 19. Ne5 g5 20. Kg1 b5 21. Ne4 Nc7 22. Nc5 Bxb3 23. axb3 e6 24. h4 f6 25. Ned3 Nc6 26. hxg5 hxg5 27. Bxc7 Nxd4 28. Qg4 Rxc7 29. Nxa6 Rxc1 30. Rxc1 f5 31. Qd1 e5 32. Nab4 e4 33. Nc5 Nf3+ 34. gxf3 Rxd1+ 35. Rxd1 exf3 36. Nbd3 Bd4 37. Re1 Qh5 0-1


[Site "https://www.chess.com"]

[Event "Titled Tuesday Blitz August 3 2021"]
[White "Farahat, Ali"]
[Black "Samadov, Read"]
[WhiteFideId "10600507"]
[BlackFideId "13417444"]
[WhiteElo "2321"]
[BlackElo "2084"]
[Result "1/2-1/2"]
[Round "06"]
[TimeControl "180+1"]
[Date "2021.08.03"]
[WhiteClock "0:00:46"]
[BlackClock "0:00:04"]

1. e4 c5 2. Nf3 d6 3. c3 Nf6 4. h3 Nbd7 5. Bd3 b6 6. Bc2 Bb7 7. Qe2 e5 8. O-O Be7 9. d4 cxd4 10. cxd4 O-O 11. Nc3 a6 12. Rd1 Qc7 13. Bg5 b5 14. Rac1 h6 15. Bh4 Rac8 16. Bb3 Qb8 17. dxe5 Nxe5 18. Nd4 b4 19. Nf5 Bd8 20. Bxf6 Bxf6 21. Nd5 Bxd5 22. Rxc8 Rxc8 23. Bxd5 Qb6 24. Nxd6 Qxd6 25. Bxf7+ Nxf7 26. Rxd6 Nxd6 27. Qxa6 Rc1+ 28. Kh2 Be5+ 29. g3 Rc2 30. Qd3 Rxf2+ 31. Kg1 Rf7 32. Qd5 Bxg3 33. e5 Ne8 34. Qe6 Kf8 35. a4 bxa3 36. bxa3 Re7 37. Qf5+ Kg8 38. e6 Bd6 39. a4 Nc7 40. a5 Rxe6 41. a6 Re5 42. Qd7 Rd5 43. Qc6 Rd1+ 44. Kg2 Nxa6 45. Qc8+ Bf8 46. Qc4+ Kh8 47. Qxa6 Rd8 48. Qe6 Rb8 49. Qd7 Kg8 50. Qd5+ Kh8 51. h4 Re8 52. h5 Rb8 53. Qc6 Rb2+ 54. Kf3 Rb8 55. Ke4 Be7 56. Kf5 Bf6 57. Kg6 Rf8 58. Qd6 Rg8 59. Kf7 Ra8 60. Kg6 Rg8 61. Qc6 Rb8 62. Qc7 Rg8 63. Qb7 Rf8 64. Qc6 Rg8 65. Qb7 1/2-1/2


[Site "https://www.chess.com"]

[Event "Titled Tuesday Blitz August 3 2021"]
[White "Fayzullaev, Akmal"]
[Black "Turayev, Shahruh"]
[WhiteFideId "14200554"]
[BlackFideId "14003856"]
[WhiteElo "2264"]
[BlackElo "2470"]
[Result "1-0"]
[Round "06"]
[TimeControl "180+1"]
[Date "2021.08.03"]
[WhiteClock "0:00:50"]
[BlackClock "0:00:09"]

1. d4 c5 2. d5 Nf6 3. Nc3 g6 4. e4 d6 5. f4 Bg7 6. Bb5+ Nfd7 7. Nf3 O-O 8. a4 Na6 9. O-O Nc7 10. Bc4 a6 11. Kh1 Rb8 12. a5 b5 13. axb6 Nxb6 14. Be2 Bd7 15. h3 Bb5 16. Ra2 Bxe2 17. Nxe2 f5 18. exf5 Rxf5 19. Ng3 Rxd5 20. Qe2 Qd7 21. c4 Rf5 22. Nxf5 Qxf5 23. Qxe7 Qd3 24. Re1 Re8 25. Qxc7 Rxe1+ 26. Nxe1 Qf1+ 27. Kh2 Qxe1 28. Qb8+ Kf7 29. Qb7+ Kg8 30. Qb8+ Kf7 31. Rxa6 Bd4 32. Ra7+ Kf6 33. Qf8+ 1-0


[Site "https://www.chess.com"]

[Event "Titled Tuesday Blitz August 3 2021"]
[White "Firat, Burak"]
[Black "Babiy, Olga"]
[WhiteFideId "6305881"]
[BlackFideId "14117258"]
[WhiteElo "2531"]
[BlackElo "2230"]
[Result "1-0"]
[Round "06"]
[TimeControl "180+1"]
[Date "2021.08.03"]
[WhiteClock "0:01:16"]
[BlackClock "0:00:31"]

1. Nf3 d5 2. c4 e6 3. g3 dxc4 4. Bg2 Nd7 5. O-O Nb6 6. Ne5 Qd4 7. Nf3 Qd8 8. Na3 Bxa3 9. bxa3 Nf6 10. Bb2 O-O 11. Qc2 Bd7 12. Ng5 Ba4 13. Qb1 Re8 14. Bxf6 Qxf6 15. Qxh7+ Kf8 16. h4 Rad8 17. Qe4 Qf5 18. Qxb7 Rxd2 19. Qxc7 Rxe2 20. Qxa7 Rb2 21. Be4 Nc8 22. Qxa4 Qc5 23. Rab1 Rxb1 24. Rxb1 Nd6 25. Bg2 c3 26. Rc1 Rb8 27. Qf4 Rb2 28. Nxe6+ 1-0


[Site "https://www.chess.com"]

[Event "Titled Tuesday Blitz August 3 2021"]
[White "Galyas, Miklos"]
[Black "Shimelkov, Vasiliy"]
[WhiteFideId "707244"]
[BlackFideId "13701630"]
[WhiteElo "2409"]
[BlackElo "2073"]
[Result "0-1"]
[Round "06"]
[TimeControl "180+1"]
[Date "2021.08.03"]
[WhiteClock "0:01:50"]
[BlackClock "0:02:13"]

1. c4 c5 2. g3 g6 3. Bg2 Bg7 4. Nc3 Nc6 5. Nf3 e6 6. h4 h5 7. d4 cxd4 8. Nb5 d5 9. cxd5 Qa5+ 10. Bd2 Qxb5 11. dxc6 bxc6 12. O-O Ne7 13. Bg5 Nf5 14. Rc1 Bb7 15. b3 O-O 16. Nd2 c5 17. Ne4 Rac8 18. Nf6+ Bxf6 19. Bxf6 Bxg2 20. Kxg2 c4 21. bxc4 Rxc4 22. Qd3 Qc6+ 0-1


[Site "https://www.chess.com"]

[Event "Titled Tuesday Blitz August 3 2021"]
[White "Gokerkan, Cem Kaan"]
[Black "Kovalev, Egor"]
[WhiteFideId "6336760"]
[BlackFideId "24124117"]
[WhiteElo "2361"]
[BlackElo "2253"]
[Result "1-0"]
[Round "06"]
[TimeControl "180+1"]
[Date "2021.08.03"]
[WhiteClock "0:00:16"]
[BlackClock "0:00:07"]

1. e4 c5 2. c3 Qa5 3. Nf3 Nc6 4. Bc4 Nf6 5. e5 d5 6. exd6 exd6 7. O-O Be7 8. d4 d5 9. Bb3 cxd4 10. cxd4 Bg4 11. Be3 O-O 12. Nc3 Rad8 13. h3 Bh5 14. Re1 Ne4 15. g4 Bg6 16. Bd2 Bb4 17. Rc1 Nxd2 18. Qxd2 Be4 19. Ng5 Qb6 20. Rcd1 Bg6 21. a3 Ba5 22. Ba2 h6 23. Nf3 Be4 24. Re3 Bxc3 25. Qxc3 Rfe8 26. Rde1 Re6 27. Nd2 Nxd4 28. Nxe4 Rxe4 29. Rxe4 dxe4 30. Rxe4 Qf6 31. Kg2 g6 32. Qe3 Kg7 33. Re7 Rf8 34. Bd5 b6 35. Rxa7 Nc2 36. Qc3 Qxc3 37. bxc3 Kf6 38. Kf3 Ke5 39. Bb3 Ne1+ 40. Ke2 Ng2 41. Re7+ Kd6 42. Rxf7 Rxf7 43. Bxf7 g5 44. Kd3 Nf4+ 45. Ke4 Nxh3 46. f3 Kc5 47. Kf5 Nf4 48. Bb3 Ne2 49. c4 Nd4+ 50. Kg6 Nxb3 51. Kxh6 Kxc4 52. Kxg5 Nd4 53. f4 Kb3 54. f5 Kxa3 55. f6 b5 56. f7 Ne6+ 57. Kf6 Nf8 58. g5 b4 59. g6 b3 60. g7 Nd7+ 61. Ke6 Nc5+ 62. Kd5 b2 63. f8=Q b1=Q 64. Qxc5+ Ka4 65. Qa7+ Kb3 66. Qb7+ Kc2 67. Qxb1+ Kxb1 68. g8=Q 1-0


[Site "https://www.chess.com"]

[Event "Titled Tuesday Blitz August 3 2021"]
[White "Goltsev, Dmitry"]
[Black "Iskusnyh, Sergei"]
[WhiteFideId "24176710"]
[BlackFideId "4120027"]
[WhiteElo "2366"]
[BlackElo "2492"]
[Result "1-0"]
[Round "06"]
[TimeControl "180+1"]
[Date "2021.08.03"]
[WhiteClock "0:01:36"]
[BlackClock "0:00:08"]

1. e4 e6 2. d4 d5 3. exd5 exd5 4. Nf3 Nf6 5. c4 Nc6 6. Nc3 Bb4 7. Bg5 O-O 8. a3 Bxc3+ 9. bxc3 Qe8+ 10. Be2 Ne4 11. Bd2 dxc4 12. O-O Be6 13. Re1 Qd8 14. Qb1 Nxd2 15. Nxd2 Na5 16. Qb5 Qd5 17. Qb4 Rad8 18. Bf3 Qg5 19. Ne4 Qf5 20. Ng3 Qg5 21. Re5 Qxe5 22. dxe5 b6 23. Rd1 Rxd1+ 24. Bxd1 Rd8 25. Bf3 c5 26. Qb1 Rd3 27. Qe1 Nb3 28. Be4 Rd8 29. Bf5 Rd2 30. h3 Bd5 31. Qe3 g6 32. Be4 Be6 33. Qg5 Rd7 34. Nh5 1-0


[Site "https://www.chess.com"]

[Event "Titled Tuesday Blitz August 3 2021"]
[White "Dronavalli, Harika"]
[Black "Grachev, Boris"]
[WhiteFideId "5015197"]
[BlackFideId "4129199"]
[WhiteElo "2422"]
[BlackElo "2595"]
[Result "0-1"]
[Round "06"]
[TimeControl "180+1"]
[Date "2021.08.03"]
[WhiteClock "0:00:07"]
[BlackClock "0:00:14"]

1. e4 c5 2. Nf3 e6 3. g3 Nc6 4. Bg2 Nf6 5. Nc3 d6 6. O-O Be7 7. d4 cxd4 8. Nxd4 Bd7 9. b3 O-O 10. Bb2 a6 11. Nce2 Rc8 12. c4 Nxd4 13. Nxd4 b5 14. cxb5 axb5 15. a4 bxa4 16. bxa4 Qb6 17. Ba3 Rfe8 18. Rb1 Qa6 19. Nb5 Bxb5 20. Rxb5 h6 21. Qb3 d5 22. Bxe7 Rxe7 23. exd5 Nxd5 24. Bxd5 exd5 25. Rxd5 Qc4 26. Rd8+ Kh7 27. Qb1+ g6 28. Rxc8 Qxc8 29. Qa2 Ra7 30. a5 Qa6 31. Ra1 h5 32. h4 Qb5 33. Qa4 Qe5 34. a6 Qc3 35. Qa5 Qd4 36. Ra4 Qd1+ 37. Kg2 Qd6 38. Qb5 Qe6 39. Ra5 Qe4+ 40. Kh2 Qd4 41. Ra2 Qe4 42. Qb3 Qc6 43. Qa3 Qf6 44. Qa5 Qd4 45. Qa4 Qf6 46. Kg2 Qe6 47. Ra3 Qd5+ 48. Rf3 Qe6 49. Qb5 Kg7 50. Qb2+ Kh7 51. Rf6 Qd5+ 52. Kh2 Re7 53. Qb6 Re1 54. Rxf7+ Qxf7 55. a7 Ra1 0-1


[Site "https://www.chess.com"]

[Event "Titled Tuesday Blitz August 3 2021"]
[White "Harshavardhan G B"]
[Black "Devaev, Alexander"]
[WhiteFideId "25059009"]
[BlackFideId "4169395"]
[WhiteElo "1825"]
[BlackElo "2185"]
[Result "1-0"]
[Round "06"]
[TimeControl "180+1"]
[Date "2021.08.03"]
[WhiteClock "0:01:46"]
[BlackClock "0:00:56"]

1. e4 c6 2. d4 d5 3. exd5 cxd5 4. c4 Nf6 5. Nc3 e6 6. Nf3 Bb4 7. cxd5 Nxd5 8. Bd2 Nc6 9. Bd3 O-O 10. O-O Be7 11. Re1 Bf6 12. Ne4 Nce7 13. Rc1 Ng6 14. Nxf6+ Nxf6 15. Bg5 Qd6 16. Ne5 Nd5 17. Qh5 Bd7 18. Re4 Rac8 19. Rce1 Nf6 20. Bxf6 gxf6 21. Rh4 1-0


[Site "https://www.chess.com"]

[Event "Titled Tuesday Blitz August 3 2021"]
[White "Hoffmann, Asa"]
[Black "Tristan, Leonardo"]
[WhiteFideId "2001470"]
[BlackFideId "113816"]
[WhiteElo "2117"]
[BlackElo "2404"]
[Result "0-1"]
[Round "06"]
[TimeControl "180+1"]
[Date "2021.08.03"]
[WhiteClock "0:00:01"]
[BlackClock "0:00:02"]

1. d4 d5 2. Bg5 Nd7 3. c4 dxc4 4. Nc3 c6 5. e4 Qb6 6. Bxc4 e5 7. d5 Bc5 8. Qd2 Ngf6 9. Nf3 Bb4 10. dxc6 bxc6 11. Qe2 Nc5 12. Bxf6 gxf6 13. O-O Bg4 14. Rac1 Ne6 15. Bxe6 fxe6 16. Qc4 Rc8 17. h3 Bxf3 18. Qxe6+ Kd8 19. Nd5 Re8 20. Qxf6+ Be7 21. Nxe7 c5 22. Qxb6+ axb6 23. Nxc8 Rg8 24. g3 Kxc8 25. Rfd1 Kc7 26. Rd5 Re8 27. Kf1 Bxe4 28. Rd2 Kc6 29. Re1 Bf5 30. Rde2 Bd3 31. f4 e4 32. Kf2 Bxe2 33. Rxe2 Kd5 34. g4 Kd4 35. Rd2+ Kc4 36. Ke3 b5 37. f5 h6 38. h4 Rg8 39. Rg2 Kd5 40. Kf4 e3 41. g5 hxg5+ 42. hxg5 Re8 43. Re2 Kd4 44. f6 Kd3 45. f7 Re4+ 46. Kf3 Rh4 47. Rxe3+ Kd2 0-1


[Site "https://www.chess.com"]

[Event "Titled Tuesday Blitz August 3 2021"]
[White "Ibrahimli, Murad"]
[Black "GrafLermontov"]
[WhiteFideId "13410229"]
[WhiteElo "2109"]
[BlackElo "2520"]
[Result "1-0"]
[Round "06"]
[TimeControl "180+1"]
[Date "2021.08.03"]
[WhiteClock "0:01:50"]
[BlackClock "0:00:06"]

1. d4 Nf6 2. c4 g6 3. Nc3 d5 4. cxd5 Nxd5 5. e4 Nxc3 6. bxc3 Bg7 7. Be3 c5 8. Nf3 Qa5 9. Qd2 Nc6 10. Rb1 cxd4 11. cxd4 Qxd2+ 12. Kxd2 O-O 13. d5 Rd8 14. Ke1 Ne5 15. Nxe5 Bxe5 16. f4 Bg7 17. Bc4 b6 18. Kf2 e6 19. Rhc1 Rb8 20. Bb3 Rb7 21. Rxc8 Rxc8 22. dxe6 Rbc7 23. exf7+ Rxf7 24. Rd1 Rc7 25. Rd8+ Bf8 26. e5 Kg7 27. Bxf7 Kxf7 28. Kf3 Be7 29. Ra8 Ke6 30. g4 Rc3 31. Ke4 b5 32. f5+ gxf5+ 33. gxf5+ Kf7 34. e6+ 1-0


[Site "https://www.chess.com"]

[Event "Titled Tuesday Blitz August 3 2021"]
[White "Ivanchuk, Vasyl"]
[Black "Ballester Llagaria, Luis Eduardo"]
[WhiteFideId "14100010"]
[BlackFideId "2297620"]
[WhiteElo "2710"]
[BlackElo "2344"]
[Result "1-0"]
[Round "06"]
[TimeControl "180+1"]
[Date "2021.08.03"]
[WhiteClock "0:00:46"]
[BlackClock "0:00:09"]

1. e4 e6 2. d4 d5 3. Nc3 Nc6 4. e5 f6 5. f4 fxe5 6. dxe5 Bc5 7. Nf3 Nh6 8. Bd3 O-O 9. Ng5 g6 10. h4 Nb4 11. h5 Nf5 12. hxg6 hxg6 13. Qg4 Nxd3+ 14. cxd3 Qe7 15. Rh7 Qxh7 16. Nxh7 Kxh7 17. Bd2 Bd7 18. O-O-O Kg7 19. Ne2 a5 20. Kb1 a4 21. Ng3 Nxg3 22. Qxg3 a3 23. b3 Be7 24. Rc1 c5 25. d4 b6 26. Qd3 Rfc8 27. g4 c4 28. Qg3 b5 29. f5 exf5 30. e6 Bxe6 31. Qe5+ Kf7 32. Rh1 Bf6 33. Rh7+ Kg8 34. Qxe6+ Kxh7 35. Qxf6 fxg4 36. Qf7+ Kh8 37. Bg5 1-0


[Site "https://www.chess.com"]

[Event "Titled Tuesday Blitz August 3 2021"]
[White "Ivanisevic, Ivan"]
[Black "He, Anthony"]
[WhiteFideId "912417"]
[BlackFideId "2088215"]
[WhiteElo "2499"]
[BlackElo "2353"]
[Result "1-0"]
[Round "06"]
[TimeControl "180+1"]
[Date "2021.08.03"]
[WhiteClock "0:00:07"]
[BlackClock "0:00:06"]

1. c4 c5 2. Nc3 Nc6 3. g3 g6 4. Bg2 Bg7 5. b3 Nf6 6. Bb2 O-O 7. e3 d6 8. Nge2 Bd7 9. d4 cxd4 10. exd4 Qc8 11. h3 Bf5 12. g4 Bd7 13. d5 Nb4 14. Qd2 a5 15. O-O h5 16. g5 Nh7 17. Kh2 Bf5 18. Nd1 Bxb2 19. Nxb2 e6 20. Na4 Qd8 21. f4 exd5 22. cxd5 Rc8 23. Nd4 Bd7 24. Rae1 Re8 25. Rxe8+ Bxe8 26. Nc3 Qc7 27. Ne4 Nxd5 28. f5 Qe7 29. Kh1 Qe5 30. fxg6 fxg6 31. Qf2 Rc7 32. Nf6+ Nhxf6 33. gxf6 Bf7 34. Qh4 Rc3 35. Nf3 Qe3 36. Ng5 Rc1 37. Rxc1 Qxc1+ 38. Kh2 Nxf6 39. Nxf7 Kxf7 40. Bxb7 Qc7 41. Bg2 d5+ 42. Qg3 Qxg3+ 43. Kxg3 g5 44. h4 Kg6 45. a3 g4 46. Kf4 Kf7 47. Bf1 Ke6 48. b4 axb4 49. axb4 Ne4 50. Bd3 Nd6 51. b5 d4 52. b6 Kd5 53. Be4+ Kc5 54. b7 Nxb7 55. Bxb7 Kc4 56. Ba6+ Kc3 57. Ke4 g3 58. Bf1 d3 59. Kf3 d2 60. Be2 Kc2 61. Kxg3 d1=Q 62. Bxd1+ Kxd1 63. Kf4 Ke2 64. Kg5 Kf3 65. Kxh5 Kf4 66. Kg6 1-0


[Site "https://www.chess.com"]

[Event "Titled Tuesday Blitz August 3 2021"]
[White "Jacobson, Brandon"]
[Black "Mohammad Nubairshah Shaikh"]
[WhiteFideId "30901561"]
[BlackFideId "5053196"]
[WhiteElo "2362"]
[BlackElo "2382"]
[Result "1-0"]
[Round "06"]
[TimeControl "180+1"]
[Date "2021.08.03"]
[WhiteClock "0:00:03"]
[BlackClock "0:00:24"]

1. Nf3 d5 2. e3 Nf6 3. c4 c6 4. Nc3 g6 5. d4 Bg7 6. Be2 O-O 7. O-O Ne4 8. Qb3 dxc4 9. Bxc4 Nd6 10. Be2 Be6 11. Qd1 Nd7 12. Ng5 Bc4 13. Bxc4 Nxc4 14. b3 Nd6 15. f4 Nf6 16. Bb2 Qd7 17. Rc1 Rad8 18. Qe2 h6 19. Nf3 Nfe4 20. Ne5 Qe6 21. Nxe4 Nxe4 22. Ba3 Bxe5 23. fxe5 f6 24. Rf4 f5 25. g4 Ng5 26. Qg2 fxg4 27. Rxg4 Kh7 28. Kh1 Rf5 29. Rg1 Rg8 30. e4 Rf7 31. Rxg5 hxg5 32. Qxg5 Qh3 33. Bxe7 Qf3+ 34. Rg2 Qxe4 35. Bf6 Qe1+ 36. Rg1 Qe4+ 37. Qg2 Qxg2+ 38. Kxg2 g5 39. Kf3 Kh6 40. h4 g4+ 41. Rxg4 Rxg4 42. Kxg4 Kg6 43. h5+ Kh6 44. Bg5+ Kg7 45. e6 Rf8 46. e7 Rh8 47. Kf5 Kf7 48. h6 b6 49. b4 a5 50. bxa5 bxa5 51. a4 Rh7 52. Ke5 Rh8 53. Kd6 Rg8 54. Kd7 Ra8 55. h7 Rh8 56. Bf6 Ra8 57. h8=Q 1-0


[Site "https://www.chess.com"]